 Dungeon Crawl Stone Soup version 0.32-a0-391-gce5c0aab1b (webtiles) character file.

Game seed: 3378745744599802400

42 runemasterragnar the Slasher (level 3, -3/29 HPs)
             Began as a Coglin Chaos Knight on Feb 19, 2024.
             Was a Plaything of Xom.
             Slain by a gnoll
             ... wielding a +0 club
              (4 damage)
             ... on level 2 of the Dungeon.
             The game lasted 00:01:19 (564 turns).

runemasterragnar the Slasher (Coglin Chaos Knight)   Turns: 564, Time: 00:01:20

Health: -3/29      AC:  5    Str: 14    XL:     3   Next: 56%
Magic:  3/3        EV:  8    Int: 11    God:    Xom [.*....]
Gold:   113        SH:  0    Dex: 19    Spells: 2/2 levels left

rFire   . . .        a - +0 falchion (chaos) {Thatsani}
rCold   . . .        h - +1 dagger (flame) {Sanghe}
rNeg    . . .        b - +2 leather armour
rPois   .            (no helmet)
rElec   .            (no cloak)
rCorr   .            (no gloves)
SInv    .            (no boots)
Will    .....        (no amulet) Stlth
                     i - +6 ring of dexterity
HPRegen 0.24/turn    (no ring)
MPRegen 0.08/turn

%: no passive effects
@: silenced, constricted, revving, stiff-legged, very slow
A: off-hand wielding, slow wielding, warmup strikes, warmup strides
a: Renounce Religion


You were on level 2 of the Dungeon.
You worshipped Xom.
You were a plaything of Xom.
You visited 1 branch of the dungeon, and saw 2 of its levels.

You collected 113 gold pieces.

Inventory:

Hand Weapons
 a - a +0 falchion of chaos (weapon) {Thatsani}
 h - a +1 dagger of flaming (worn) {Sanghe}
Armour
 b - a +2 leather armour (worn)
Jewellery
 i - a +6 ring of dexterity (left grasper)
Scrolls
 c - a scroll of butterflies
 e - 2 scrolls of identify
Potions
 d - a potion of magic


   Skills:
 + Level 3.5 Fighting
 * Level 4.0 Long Blades
 - Level 1.8 Armour
 - Level 0.9 Dodging


You had 2 spell levels left.
You didn't know any spells.
Your spell library was empty.

Dungeon Overview and Level Annotations

Branches:
Dungeon (2/15)

Altars:


Innate Abilities, Weirdness & Mutations

You can wield a second weapon in your off-hand.
It takes a long time for you to wield or remove held weapons.
Your first few attacks do less damage.
Your first movements take longer.


Message History

Your unstable footing causes you to fumble your attack. x2
The bat closely misses you. The ball python bites you.
The ball python closely misses you. The gnoll hits you with a +0 club.
The gnoll hits you but does no damage.
Unknown command.
Your unstable footing causes you to fumble your attack. x2
The ball python misses you. The ball python barely misses you.
The gnoll completely misses you.
The gnoll splashes around in the water.
Your unstable footing causes you to fumble your attack. x2
The bat hits you. The bat hits you but does no damage.
The ball python misses you. The ball python grabs you.
The ball python constricts you. The gnoll hits you with a +0 club.
The gnoll splashes around in the water.
As you read the scroll labelled LOEVAMI IVAIR, it crumbles to dust.
It is a scroll of identify.
d - a potion of magic Xom is amused. "Serve the mortal, my child!"
The bat barely misses you. The ball python barely misses you.
The ball python constricts you.
The ball python bites you but does no damage.
The ball python constricts you.
The gnoll splashes around in the water. x2
It was a potion of curing.
You feel better.
Xom thinks this is hilarious!
The bat closely misses you.
The gnoll hits you from afar with a +0 spear!
The ball python barely misses you. The ball python constricts you.
The gnoll splashes around in the water.
The gnoll hits you with a +0 club.
* * * LOW HITPOINT WARNING * * *
As you read the scroll labelled HEORICWIOH, it crumbles to dust.
A profound silence engulfs you.
It was a scroll of silence.
The bat hits you.
* * * LOW HITPOINT WARNING * * *
The bat closely misses you.
The gnoll hits you from afar with a +0 spear.
* * * LOW HITPOINT WARNING * * *
The ball python bites you but does no damage.
The ball python constricts you.
* * * LOW HITPOINT WARNING * * *
The gnoll hits you with a +0 club.
You die...

.... ~~≈≈≈≈~
.... ♣♣~≈≈≈≈≈≈~
..... ♣P~≈≈≈≈≈≈~
#....♣P~P≈≈≈≈≈≈≈
....♣~≈~≈≈≈≈≈≈
..~g≈~≈≈≈≈≈≈
##♣Kgg≈≈≈≈≈≈≈~
#..♣gSb≈≈≈≈≈≈~
♣~P@≈≈≈≈≈≈≈♣
♣~g~5≈≈≈≈≈~~
♣~~~~~≈≈≈~PP
#~~~~~≈~~~~~
#♣♣~PP~P~~~~
♣P~~~~~P~~
♣~P~~P~~~~
♣~PP♣~~~~P
♣♣~~~~~♣~♣


You could see 4 gnolls, a goblin, a bat (ally target), a ball python, a kobold
and a friendly quasit (summoned).

Vanquished Creatures
  A ribbon worm (D:2)
  A ball python (D:1)
  2 endoplasms (D:1)
  A giant cockroach (D:1)
  2 goblins (D:1)
  5 hobgoblins (D:1)
  A quokka (D:1)
  A frilled lizard (D:1)
  3 kobolds (D:1)
  5 rats (D:1)
22 creatures vanquished.

Notes
Turn   | Place    | Note
-------+----------+-------------------------------------------
     0 | D:1      | runemasterragnar the Coglin Chaos Knight began the quest
                  | for the Orb.
     0 | D:1      | Reached XP level 1. HP: 18/18 MP: 1/1
    71 | D:1      | XOM: silly message
    80 | D:1      | Reached XP level 2. HP: 22/24 MP: 2/2
    85 | D:1      | XOM: silly message
   213 | D:1      | Reached XP level 3. HP: 29/29 MP: 3/3
   452 | D:1      | XOM: noise
   496 | D:1      | Reached skill level 4 in Long Blades
   562 | D:2      | XOM: summons friendly quasit
   564 | D:2      | HP: 1/29 [constriction (1)]
   564 | D:2      | Slain by a gnoll

Illustrated notes

Levels and vault maps discovered:
D:1:      evilmike_arrival_plus, layout_rooms
D:2:      layout_basic, serial_bayou, serial_bayou_pond_d,
          serial_bayou_crossing, serial_bayou_pond_a, serial_bayou_pond_d,
          serial_bayou_lake_a

Skill      XL: |  1  2  3 |
---------------+----------+-----
Long Blades    | 4 |  4.0
Fighting       | |  3.5
Armour         | |  1.8
Dodging        | |  0.9

Action                     || total
---------------------------++-------
  Melee: Falchion          ||    57
         Dagger            ||    17
    Use: Scroll            ||     2
         Potion            ||     1
   Stab: Confused          ||     1
 Armour: Leather armour    ||    32
  Dodge: Dodged            ||    42

Table legend: (Time is in decaauts)
 A = Elapsed time spent in this place.
 B = Non-inter-level travel time spent in this place.
 C = Inter-level travel time spent in this place.
 D = Time resting spent in this place.
 E = Time spent auto-exploring this place.
 F = Levels seen in this place.
 G = Mean time per level.
                   A        B        C        D        E       F      G
               +--------+--------+--------+--------+--------+-----+--------+
         Total |    607 |    566 |     41 |      0 |    407 |   2 |  303.5 |
       Dungeon |    607 |    566 |     41 |      0 |    407 |   2 |  303.5 |
               +--------+--------+--------+--------+--------+-----+--------+

Top non-repeatable levels by time:
     D:1: 570 daAuts
     D:2: 37 daAuts
